 Dungeon Crawl Stone Soup version 0.29-a0-22-gbf593b16ee (webtiles) character file.

Game seed: 5183275320373084471

54 innerfire433 the Changer (level 3, -3/24 HPs)
             Began as a Demonspawn Wanderer on Jan 29, 2022.
             Was a High Priest of Ignis.
             Slain by a gnoll shaman (6 damage)
             ... on level 3 of the Dungeon.
             The game lasted 00:03:46 (2580 turns).

innerfire433 the Changer (Demonspawn Wanderer)      Turns: 2580, Time: 00:03:47

Health: -3/24      AC:  6    Str: 16    XL:     3   Next: 66%
Magic:  4/5        EV:  9    Int: 12    God:    Ignis [*****.]
Gold:   84         SH:  0    Dex: 11    Spells: 4/5 levels left

rFire   + . .      SeeInvis .   l - +0 mace
rCold   . . .      Faith    .   (no shield)
rNeg    . . .      Spirit   .   b - +0 scale mail
rPois   .          Reflect  .   (no helmet)
rElec   .          Harm     .   (no cloak)
rCorr   .          Rampage  .   (no gloves)
Will    .....                   (no boots)
Stlth   ..........              e - amulet of magic regeneration
HPRegen 0.08/turn               (no ring)
MPRegen 0.49/turn               (no ring)

@: no status effects
A: claws 1, weakness stinger 1
a: Renounce Religion, Fiery Armour, Foxfire Swarm, Rising Flame


You were on level 3 of the Dungeon.
You worshipped Ignis.
Ignis was extremely pleased with you.
You visited 1 branch of the dungeon, and saw 3 of its levels.

You collected 84 gold pieces.

Inventory:

Hand Weapons
 a - a +0 club
 l - a +0 mace (weapon)
Armour
 b - a +0 scale mail (worn)
Jewellery
 e - an amulet of magic regeneration (around neck)
Scrolls
 d - a scroll of enchant armour {unknown}
 g - a scroll of teleportation {unknown}
 i - a scroll of silence {unknown}
 m - a scroll of fog {unknown}
Potions
 c - 2 potions of flight {unknown}
 f - a potion of curing {unknown}
 h - a potion of might {unknown}
 j - a potion of ambrosia {unknown}
 k - a potion of attraction {unknown}


   Skills:
 + Level 0.1 Maces & Flails
 - Level 3.0 Armour
 + Level 1.8 Spellcasting
 * Level 3.0 Necromancy
 + Level 3.9 Transmutations


You had 4 spell levels left.
You knew the following spells:

 Your Spells              Type           Power      Damage    Failure   Level
a - Pain                  Necr           32%        1d5       28%         1

Your spell library contained the following spells:

 Spells                   Type           Power      Damage    Failure   Level
 Sting                    Tmut/Pois      20%        1d4       41%         1
 Apportation              Tloc           2%         N/A       69%         1
 Summon Small Mammal      Summ           4%         N/A       69%         1
 Ignite Poison            Fire/Tmut/Pois 4%         N/A       86%         3
 Dispel Undead            Necr           8%         3d8       95%         4
 Call Canine Familiar     Summ           1%         N/A       96%         3
 Summon Guardian Golem    Hex/Summ       1%         N/A       96%         3
 Anguish                  Hex/Necr       2%         N/A       99%         4
 Alistair's Intoxication  Tmut/Pois      3%         N/A       100%        5


Dungeon Overview and Level Annotations

Branches:
Dungeon (3/15)

Altars:
Ashenzari
Ignis

Shops:
D:1 *


Innate Abilities, Weirdness & Mutations

You have sharp fingernails.
You have a small tail.


Message History

The hobgoblin shouts!
You hit the gnoll shaman but do no damage.
The gnoll shaman is moderately wounded.
The gnoll shaman barely misses you.
You hit the gnoll shaman but do no damage.
The gnoll shaman is moderately wounded.
The gnoll shaman hits you with a +0 whip!
* * * LOW HITPOINT WARNING * * *
The gnoll shaman barely misses you.
Casting: Pain (safe; 28% risk of failure)
Confirm with . or Enter, or press ? or * to list all spells.
Aiming: Pain (safe; 28% risk of failure)
Press: ? - help, Shift-Dir - straight line, f - gnoll shaman
Aim: a gnoll shaman, wielding a +0 whip and wearing a +0 leather armour (moderately wounded, chance to affect: 59%)
The gnoll shaman resists with significant effort.
The gnoll shaman hits you but does no damage.
Casting: Pain (safe; 28% risk of failure)
Confirm with . or Enter, or press ? or * to list all spells.
Aiming: Pain (safe; 28% risk of failure)
Press: ? - help, Shift-Dir - straight line, f/p - gnoll shaman
Aim: a gnoll shaman, wielding a +0 whip and wearing a +0 leather armour (moderately wounded, chance to affect: 59%)
The gnoll shaman resists with significant effort.
The gnoll shaman hits you with a +0 whip.
* * * LOW HITPOINT WARNING * * *
Casting: Pain (safe; 28% risk of failure)
Confirm with . or Enter, or press ? or * to list all spells.
Aiming: Pain (safe; 28% risk of failure)
Press: ? - help, Shift-Dir - straight line, f/p - gnoll shaman
Aim: a gnoll shaman, wielding a +0 whip and wearing a +0 leather armour (moderately wounded, chance to affect: 59%)
The gnoll shaman resists with significant effort.
The gnoll shaman barely misses you. The hobgoblin closely misses you.
You hit the gnoll shaman. You tail-slap the gnoll shaman.
The gnoll shaman is severely wounded.
The gnoll shaman calls down the wrath of its god upon you.
You resist with significant effort.
The hobgoblin hits you but does no damage.
You hit the gnoll shaman.
The gnoll shaman is severely wounded.
The gnoll shaman hits you with a +0 whip.
You die...

#.# #.# #.# .###.# #.#
#.###.#.#.# ##'##
#......... ##...##
#.....#.# # # ##.....##
#......... ###.......##
#.#.#.#.#.#
##.........###..........
.'.........'....@g.#
##.........###...g......
##.......## #.#.#.#.#.#
##.....## #.###.....
##...## #.# #.# # ##+##
#.. ..# ### ##


You could see a gnoll shaman and a hobgoblin.

Vanquished Creatures
  A worm (D:2)
  3 dart slugs (D:1)
  2 ball pythons (D:1)
  3 bats
  2 endoplasms
  A giant cockroach (D:2)
  2 goblins (D:1)
  4 hobgoblins
  4 jackals (D:1)
  6 kobolds
  15 frilled lizards
  2 rats (D:2)
45 creatures vanquished.

Vanquished Creatures (others)
  2 plants (D:2)
2 creatures vanquished.

Grand Total: 47 creatures vanquished

Notes
Turn   | Place    | Note
-------+----------+-------------------------------------------
     0 | D:1      | innerfire433 the Demonspawn Wanderer began the quest for
                  | the Orb.
     0 | D:1      | innerfire433 set off with the following items: a +0 club, a
                  | +0 scale mail; and the following spells available to
                  | memorise: Pain, Sting, Ignite Poison, Dispel Undead,
                  | Anguish
     0 | D:1      | Reached XP level 1. HP: 13/13 MP: 2/2
    63 | D:1      | Found a faded altar of an unknown god.
   338 | D:1      | Discovered your monstrous ancestry.
   338 | D:1      | Gained mutation: You have a small tail. [demonic ancestry]
   338 | D:1      | Reached XP level 2. HP: 4/19 MP: 3/3
   349 | D:1      | Prayed at the altar of an unknown god.
   349 | D:1      | Became a worshipper of Ignis, the Dying Flame
  1235 | D:1      | Gained mutation: You have sharp fingernails. [demonic
                  | ancestry]
  1235 | D:1      | Reached XP level 3. HP: 23/24 MP: 5/5
  1281 | D:1      | Found Seduufee's General Store.
  2069 | D:2      | Found a broken altar of Ashenzari.
  2127 | D:2      | Learned a level 1 spell: Pain
  2580 | D:3      | Slain by a gnoll shaman

Illustrated notes

Levels and vault maps discovered:
D:1:      co_arrival_random_square_maze, layout_basic, serial_shops,
          nicolae_shop_behind_doors, ebering_ecumenical_altar_box
D:2:      layout_rooms, basic_altar, minmay_lizard_king
D:3:      layout_loops_corners, gammafunk_ghost_split, st_stairs_10,
          grunt_ministairs_9, kennysheep_generic_room_15, uniq_natasha,
          uniq_jessica

Skill      XL: |  1  2  3 |
---------------+----------+-----
Armour         | 3 |  3.0
Necromancy     | 3 |  3.0
Maces & Flails | |  0.1
Spellcasting   | |  1.8
Transmutations | |  3.9

Action                   || total
-------------------------++-------
Melee: Club              ||   209
       Punch             ||     4
       Tailslap          ||    17
       Mace              ||     9
 Cast: Pain              ||     5
Armor: Scale mail        ||   102
Dodge: Dodged            ||   126

Table legend: (Time is in decaauts)
 A = Elapsed time spent in this place.
 B = Non-inter-level travel time spent in this place.
 C = Inter-level travel time spent in this place.
 D = Time resting spent in this place.
 E = Time spent auto-exploring this place.
 F = Levels seen in this place.
 G = Mean time per level.
                   A        B        C        D        E       F      G
               +--------+--------+--------+--------+--------+-----+--------+
         Total |   2645 |   2598 |     47 |      0 |   2088 |   3 |  881.7 |
       Dungeon |   2645 |   2598 |     47 |      0 |   2088 |   3 |  881.7 |
               +--------+--------+--------+--------+--------+-----+--------+

Top non-repeatable levels by time:
     D:1: 1577 daAuts
     D:2: 1033 daAuts
     D:3: 34 daAuts
